[Event "*** Titled Tuesday Blitz"]
[Site "Chess.com"]
[Date "2020.04.07"]
[Round "5"]
[White "SoltaniciR"]
[Black "MilanovicDan"]
[Result "0-1"]
[WhiteElo "2629"]
[BlackElo "2385"]
[TimeControl "180+1"]
[EndTime "13:55:47 PDT"]
[Termination "MilanovicDan won by resignation"]

1. e4 d5 2. exd5 Qxd5 3. Nc3 Qd6 4. d4 Nf6 5. Nf3 Bg4 6. h3 Bxf3 7. Qxf3 c6 8. Be3 e6 9. O-O-O Nbd7 10. g4 Be7 11.
Kb1 Qc7 12. h4 a5 13. h5 h6 14. g5 hxg5 15. Bxg5 a4 16. h6 g6 17. Ne4 Nxe4 18. Bxe7 Kxe7 19. Qxe4 Nf6 20. Qf3 a3 21. b3 Qa5 22.
Bc4 Qf5 23. Qg3 Rad8 24. Rd3 Ne4 25. Qh2 Qxf2 26. Qc7+ Rd7 27. Qe5 Nf6 28. d5 cxd5 29. Bb5 Rd6 30. Rdd1 Qf5 31. Qc3 d4 32. Qc7+ Nd7 33. Rhf1 Qxb5 34. Rxf7+ Kxf7 35. Qxd6 Rxh6 36. Qf4+ Kg7 37. Qxd4+ Nf6 38. c4 Qc6 0-1

[Event "*** Titled Tuesday Blitz"]
[Site "Chess.com"]
[Date "2020.04.07"]
[Round "5"]
[White "MixMasterChess"]
[Black "oneshot007"]
[Result "1-0"]
[WhiteElo "2112"]
[BlackElo "2401"]
[TimeControl "180+1"]
[EndTime "13:55:47 PDT"]
[Termination "MixMasterChess won by resignation"]

1. e4 e5 2. Nc3 Nc6 3. g3 Nf6 4. Bg2 Bc5 5. Nge2 O-O 6. O-O d6 7. d3 h6 8. Be3 a5 9. Bxc5 dxc5 10. f4 Bg4 11. h3 Bxe2 12. Nxe2 a4 13. fxe5 Nxe5 14. Rf5 Qd6 15. Qd2 Rae8 16. Raf1 Ned7 17. Qc3 b5 18. Qa5 c6 19. Qe1 Re5 20. Qf2 Rfe8 21.
g4 R8e7 22. Qh4 Nf8 23. Qg3 Ng6 24. R1f2 Qc7 25. h4 Rxf5 26. exf5 Qxg3 27. Nxg3 Nxh4 28. Bxc6 Re3 29. Ne4 Nxg4 30. Rf4 Ne5 31. Rxh4 Nxc6 32. f6 gxf6 33. Kf2 Nd4 34. Rg4+ 1-0

[Event "*** Titled Tuesday Blitz"]
[Site "Chess.com"]
[Date "2020.04.07"]
[Round "5"]
[White "renehp"]
[Black "olksuna"]
[Result "0-1"]
[WhiteElo "2411"]
[BlackElo "2605"]
[TimeControl "180+1"]
[EndTime "13:55:48 PDT"]
[Termination "olksuna won by checkmate"]

1. e4 c5 2. Nf3 Nc6 3. d4 cxd4 4. Nxd4 Nf6 5. Nc3 e5 6. Ndb5 d6 7. Bg5 a6 8. Na3 b5 9. Bxf6 gxf6 10. Nd5 f5 11.
Nxb5 axb5 12. Bxb5 Bd7 13. exf5 Bg7 14. O-O O-O 15.
Qh5 Ne7 16. Nxe7+ Qxe7 17. Bd3 e4 18. Rfe1 d5 19. c3 Qf6 20. Bc2 Bxf5 21. Bb3 Rad8 22. Rad1 Bg6 23. Qe2 d4 24. cxd4 Rxd4 25. Rxd4 Qxd4 26.
h4 h5 27. Rd1 Qxb2 28. Qa6 Kh7 29. Qa5 Bd4 30. Rd2 Qc1+ 31. Rd1 Qc5 32. Qd2 Rd8 33. Kh1 Qe7 34. Qf4 Be5 35. Qg5 Rxd1+ 36. Bxd1 Bf6 37. Qe3 Bxh4 38. a4 Bg5 39. Qe2 e3 40.
fxe3 Bxe3 41. a5 Qh4# 0-1

[Event "*** Titled Tuesday Blitz"]
[Site "Chess.com"]
[Date "2020.04.07"]
[Round "5"]
[White "SerGo055"]
[Black "Aygehovit1992"]
[Result "1-0"]
[WhiteElo "2542"]
[BlackElo "2715"]
[TimeControl "180+1"]
[EndTime "13:55:49 PDT"]
[Termination "SerGo055 won by resignation"]

1. d4 Nf6 2. Nf3 c5 3. c3 g6 4. Bf4 Bg7 5. e3 d6 6. h3 O-O 7. Nbd2 Nbd7 8. Be2 b6 9. O-O Bb7 10. a4 a6 11. Bh2 Rc8 12. Re1 Qc7 13. Bf1 Qb8 14.
e4 e5 15. dxe5 Nxe5 16. Qc2 Nxf3+ 17. Nxf3 Rfe8 18. e5 dxe5 19. Rxe5 Rxe5 20. Nxe5 Qa8 21. Nc4 Be4 22. Qb3 Nd7 23. Nxb6 Nxb6 24. Qxb6 c4 25. Rd1 Bc2 26. Rd7 Bxa4 27. Ra7 Qc6 28. Rxa6 Qxb6 29. Rxb6 Bb3 30. Rb8 Rxb8 31. Bxb8 Bh6 32.
Bd6 Bc1 33. Ba3 f5 34. f3 Kf7 35. Kf2 f4 36. Be2 Ke6 37. Ke1 g5 38. Bd1 Ba2 39.
Bc2 h5 40. Kd1 Be3 41. Bf8 Bc5 42. Bxc5 1-0

[Event "*** Titled Tuesday Blitz"]
[Site "Chess.com"]
[Date "2020.04.07"]
[Round "5"]
[White "Schandenfreude"]
[Black "tandaleo"]
[Result "1-0"]
[WhiteElo "2517"]
[BlackElo "2334"]
[TimeControl "180+1"]
[EndTime "13:55:50 PDT"]
[Termination "Schandenfreude won by resignation"]

1. Nf3 d5 2. g3 Nf6 3. Bg2 e6 4. O-O Be7 5. b3 O-O 6. Bb2 b6 7. c4 Bb7 8. d4 Nbd7 9. Nc3 c5 10.
cxd5 Nxd5 11. Nxd5 Bxd5 12. Rc1 Bf6 13. Qd2 cxd4 14.
Bxd4 Bxd4 15. Qxd4 Nf6 16. Rfd1 Rc8 17. Qa4 Qe7 18. Ne5 Bxg2 19. Kxg2 Qb7+ 20. Kg1 Rfd8 21. Rxd8+ Rxd8 22. Qc6 Qxc6 23. Nxc6 Rd2 24. Nxa7 Kf8 25. a4 Rxe2 26. Rc8+ Ke7 27. Rc7+ Ke8 28. Nc8 Nd5 29. Nd6+ Kf8 30. Rxf7+ Kg8 31. Rb7 Kf8 32. Nc8 Rb2 33. Nxb6 Nxb6 34. Rxb6 Ke7 35. a5 Kd7 36. a6 Kc7 37.
Rb7+ Kc6 38. b4 Rb1+ 39. Kg2 Ra1 40. b5+ Kc5 41. a7 1-0

[Event "*** Titled Tuesday Blitz"]
[Site "Chess.com"]
[Date "2020.04.07"]
[Round "5"]
[White "Girkassa"]
[Black "SanQui14"]
[Result "1-0"]
[WhiteElo "2553"]
[BlackElo "2313"]
[TimeControl "180+1"]
[EndTime "13:55:50 PDT"]
[Termination "Girkassa won by checkmate"]

1. d4 Nf6 2. c4 e6 3. g3 d5 4. Bg2 Be7 5. Nf3 O-O 6. O-O dxc4 7. Ne5 a6 8. Nxc4 Nc6 9. e3 Bd7 10. Nc3 Rb8 11. Bd2 b5 12. Ne5 Nxe5 13. dxe5 Ne8 14. f4 c5 15. Ne4 c4 16. g4 Qb6 17. Qf3 Bc6 18. Rad1 Rc8 19. f5 exf5 20. gxf5 f6 21. e6 Nd6 22. Qg4 Nxe4 23. Bxe4 Rcd8 24. Bxc6 Qxc6 25. Bc3 Rxd1 26. Rxd1 b4 27. Rd7 bxc3 28. Rxe7 g6 29. fxg6 h6 30. g7 Rd8 31. Qh5 Rd1+ 32. Qxd1 cxb2 33. Qd8+ Kh7 34. g8=Q# 1-0

[Event "*** Titled Tuesday Blitz"]
[Site "Chess.com"]
[Date "2020.04.07"]
[Round "5"]
[White "Micki-taryan"]
[Black "sergoy"]
[Result "1-0"]
[WhiteElo "3076"]
[BlackElo "2865"]
[TimeControl "180+1"]
[EndTime "13:55:51 PDT"]
[Termination "Micki-taryan won on time"]

1. d4 Nf6 2. Nf3 e6 3. c4 d5 4.
Nc3 c6 5. Bg5 h6 6. Bxf6 Qxf6 7.
e3 Nd7 8. Bd3 g6 9. O-O Bg7 10.
Qe2 O-O 11. Rfd1 Rb8 12. a3 dxc4 13. Bxc4 b5 14. Ba2 Bb7 15. Ne4 Qe7 16. Rac1 e5 17. d5 cxd5 18. Bxd5 Bxd5 19. Rxd5 Nf6 20. Rxe5 Qd7 21.
Nxf6+ Bxf6 22. Rec5 b4 23. g3 bxa3 24. bxa3 Bb2 25. Rc7 Qa4 26. R1c6 a5 27. h4 Bg7 28.
h5 g5 29. Nd4 Rb1+ 30. Kh2 Bxd4 31. exd4 Qxd4 32. Qf3 Rb2 33. Rf6 g4 34. Qf5 Rb5 35. Rg6+ Kh7 36. Rxf7+ 1-0

[Event "*** Titled Tuesday Blitz"]
[Site "Chess.com"]
[Date "2020.04.07"]
[Round "5"]
[White "Neimar24"]
[Black "HiHaruka"]
[Result "1-0"]
[WhiteElo "2519"]
[BlackElo "2274"]
[TimeControl "180+1"]
[EndTime "13:55:51 PDT"]
[Termination "Neimar24 won by checkmate"]

1. d4 d5 2. c4 c5 3. cxd5 Qxd5 4. Nf3 Nf6 5. Nc3 Qd8 6. e4 cxd4 7. Qxd4 Qxd4 8.
Nxd4 a6 9. e5 Nfd7 10. e6 fxe6 11. Nxe6 Ra7 12. Nc7+ Kd8 13. Ne6+ Ke8 14. Nd5 b6 15.
Be3 Nc5 16. Nxf8 Rxf8 17. Nxb6 Rc7 18. Be2 Bb7 19. O-O Nbd7 20. Rfd1 Nxb6 21. Rac1 Nbd7 22. b4 Ne6 23. Bc4 Rf6 24. Bxe6 Rxc1 25. Bxd7+ Kd8 26. Bxc1 Rd6 27. Rxd6 exd6 28. Bf5 Bd5 29. a4 g6 30. Bd3 Bb7 31. Be3 Kd7 32. h4 d5 33. g4 Kd6 34. Bd4 Bc8 35. f3 Bd7 36. a5 Bc8 37.
Kf2 Ke6 38. Ke3 Kd6 39. Kf4 Ke6 40. Kg5 Kf7 41. Kh6 Kg8 42. h5 gxh5 43. Bxh7+ Kf7 44. Kxh5 Ke6 45. Bf5+ Kd6 46. Bxc8 Kc6 47. g5 Kb5 48.
Bc5 Kc4 49. Bxa6+ Kb3 50. g6 d4 51. g7 d3 52. g8=Q+ Kb2 53. Qg5 Ka3 54. Qd2 Ka4 55. Bxd3 Ka3 56. b5+ Kb3 57. Qb4+ Ka2 58. Bc4+ Ka1 59.
Bd4# 1-0

[Event "*** Titled Tuesday Blitz"]
[Site "Chess.com"]
[Date "2020.04.07"]
[Round "5"]
[White "1lec"]
[Black "Manukyan_Artak"]
[Result "0-1"]
[WhiteElo "2080"]
[BlackElo "2404"]
[TimeControl "180+1"]
[EndTime "13:55:52 PDT"]
[Termination "Manukyan_Artak won by resignation"]

1. e4 c6 2. Nc3 d5 3. Nf3 Bg4 4. h3 Bxf3 5. Qxf3 Nf6 6. d3 e6 7. g3 Bb4 8. Bd2 Qa5 9. Bg2 Nbd7 10. O-O d4 11. a3 Bxc3 12. bxc3 dxc3 13. Be3 O-O 14. g4 Qa4 15. g5 Ne8 16. Ra2 e5 17.
Qg3 Nc7 18. f4 exf4 19. Bxf4 Ne6 20. Bd6 Qd4+ 21. Kh1 Rfe8 22. e5 Nb6 23. Be4 Rad8 24. h4 Nc8 25. Qf3 Nxd6 26. exd6 Rf8 27. h5 Nxg5 28.
Qf5 Nxe4 29. dxe4 Qxd6 30. Raa1 Qh6 31. Rg1 Rd2 32. Raf1 g6 33. Qf6 Qxh5+ 0-1

[Event "*** Titled Tuesday Blitz"]
[Site "Chess.com"]
[Date "2020.04.07"]
[Round "5"]
[White "Fins0905"]
[Black "AminMolaei"]
[Result "1-0"]
[WhiteElo "2728"]
[BlackElo "2523"]
[TimeControl "180+1"]
[EndTime "13:55:54 PDT"]
[Termination "Fins0905 won by resignation"]

1. e4 e5 2. Nf3 Nc6 3. Bb5 Nf6 4. d3 Bd6 5. Nbd2 O-O 6. Nc4 Bc5 7. Bxc6 bxc6 8.
Ncxe5 d5 9. exd5 cxd5 10. O-O h6 11. Re1 Re8 12. h3 Bb7 13. d4 Bd6 14. Nd3 Ne4 15. Bf4 Bf8 16. c3 f6 17. Qc2 g5 18. Be3 h5 19.
Nc5 Bc8 20. Nd2 Bxc5 21. dxc5 Bf5 22. Bd4 Kf7 23. Nxe4 Bxe4 24. Qd2 c6 25. f3 Bf5 26.
h4 Rg8 27. hxg5 Rxg5 28. Qf4 Qd7 29. Re2 Rag8 30. Rae1 a5 31. Kh1 h4 32. Re7+ Qxe7 33. Rxe7+ Kxe7 34. Qd6+ Ke8 35. Bxf6 Kf7 36. Qe7+ 1-0

[Event "*** Titled Tuesday Blitz"]
[Site "Chess.com"]
[Date "2020.04.07"]
[Round "5"]
[White "Resignify"]
[Black "dmosesov"]
[Result "0-1"]
[WhiteElo "2218"]
[BlackElo "2494"]
[TimeControl "180+1"]
[EndTime "13:55:54 PDT"]
[Termination "dmosesov won by checkmate"]

1. Nf3 c5 2. g3 g6 3. Bg2 Bg7 4. d3 Nc6 5. O-O e6 6. e4 Nge7 7. Nbd2 d6 8. a4 O-O 9. c3 Rb8 10. Nc4 d5 11. Na3 b6 12. Re1 Ba6 13. Bf4 e5 14.
exd5 exf4 15. dxc6 fxg3 16. hxg3 Nxc6 17. Nb5 Bb7 18. Qe2 Qd7 19. Rad1 Rfe8 20. Qc2 Rxe1+ 21.
Rxe1 Rd8 22. Ng5 h6 23. Bh3 Qxd3 24. Re8+ Bf8 25. Qxd3 Rxd3 26. Nh7 Rd1+ 27. Kh2 Kxh7 28. Rxf8 Ne5 29. Bg2 Ng4+ 30. Kh3 Nxf2+ 31. Kh2 Kg7 32. Rb8 Ng4+ 33. Kh3 Bxg2+ 34. Kxg4 Rf1 35. Nc7 f5+ 36.
Kh4 Rh1# 0-1

[Event "*** Titled Tuesday Blitz"]
[Site "Chess.com"]
[Date "2020.04.07"]
[Round "5"]
[White "varacalli"]
[Black "manubibi"]
[Result "1-0"]
[WhiteElo "2400"]
[BlackElo "2539"]
[TimeControl "180+1"]
[EndTime "13:55:55 PDT"]
[Termination "varacalli won by resignation"]

1. e4 c5 2. Nf3 d6 3. d4 cxd4 4. Nxd4 Nf6 5. Nc3 a6 6. f4 e5 7.
Nf3 Nbd7 8. a4 Be7 9. Bd3 O-O 10. O-O exf4 11. Bxf4 Qb6+ 12. Kh1 Qxb2 13. Nd5 Nxd5 14. exd5 Qb6 15. Bg5 Qd8 16. Qd2 Ne5 17. Bxe7 Nxf3 18.
Rxf3 Qxe7 19. Raf1 Bd7 20. a5 Rae8 21. Qf4 Qe5 22.
Qb4 Bc8 23. h3 g6 24. Rf6 Rd8 25. Qh4 Kg7 26. c4 Bd7 27. Rxf7+ Rxf7 28. Rxf7+ Kxf7 29. Qxd8 Qe1+ 30. Kh2 Qe5+ 31. Kh1 Qe7 32. Qh8 Qe1+ 33.
Kh2 Qe5+ 34. Qxe5 dxe5 35. c5 Kf6 36. Kg3 e4 37. Bxe4 Ke5 38. Bf3 Kd4 39. c6 bxc6 40.
dxc6 Bf5 41. Bg4 1-0

[Event "*** Titled Tuesday Blitz"]
[Site "Chess.com"]
[Date "2020.04.07"]
[Round "5"]
[White "Mizner"]
[Black "KarstenHansch"]
[Result "1/2-1/2"]
[WhiteElo "2549"]
[BlackElo "2402"]
[TimeControl "180+1"]
[EndTime "13:55:56 PDT"]
[Termination "Game drawn by agreement"]

1. e4 c6 2. d4 d5 3. Nd2 dxe4 4. Nxe4 Bf5 5. Ng3 Bg6 6. Nh3 Nf6 7. Nf4 e5 8. dxe5 Qa5+ 9. c3 Qxe5+ 10. Qe2 Nbd7 11. Nxg6 hxg6 12. Bf4 Qxe2+ 13. Bxe2 O-O-O 14. O-O-O Nd5 15. Bg5 f6 16. Bd2 Bd6 17. Ne4 Bc7 18. g3 Rhe8 19. Bf3 Ne5 20. Bg2 Nd3+ 21. Kc2 Rxe4 22. Bxe4 Nxf2 23.
Bxg6 Nxd1 24. Bf5+ Kb8 25. Rxd1 Rh8 26. Re1 Be5 27. Re2 Kc7 28. c4 Ne7 29. Be4 c5 30. Bc3 Bxc3 31. Kxc3 Nc6 32. Bd5 Ne5 33. h4 b6 34. a3 Rd8 35. b4 cxb4+ 36. axb4 b5 37.
Ra2 Kb8 38. Ra5 bxc4 39. Rb5+ Kc7 40. Rb7+ Kd6 41. Be4 Rd7 42. Rxd7+ Kxd7 43. Bd5 Kd6 44. Bxc4 1/2-1/2

[Event "*** Titled Tuesday Blitz"]
[Site "Chess.com"]
[Date "2020.04.07"]
[Round "5"]
[White "Mezioudamina88"]
[Black "mmaks007"]
[Result "0-1"]
[WhiteElo "2090"]
[BlackElo "2319"]
[TimeControl "180+1"]
[EndTime "13:55:56 PDT"]
[Termination "mmaks007 won by resignation"]

1. e4 c5 2. Nc3 g6 3. f4 Bg7 4.
Nf3 e6 5. Bc4 Ne7 6. O-O d5 7.
Bb5+ Bd7 8. Bxd7+ Qxd7 9. d3 dxe4 10. Nxe4 b6 11. Qe1 Nbc6 12. Kh1 O-O 13. Bd2 Bxb2 14.
c3 f5 15. Neg5 Bxa1 16. Qh4 Nd5 17. Rxa1 Nf6 18. Re1 Rae8 19. h3 a6 20. Ne5 Nxe5 21. fxe5 Nd5 22. d4 f4 23. Ne4 Qe7 24. Qf2 cxd4 25.
cxd4 a5 26. Qf3 Rc8 27. Bc1 Rc2 28. Ba3 Qh4 29. Rg1 Rfc8 30. Nd6 R8c3 31. Qd1 Qxh3+ 0-1

[Event "*** Titled Tuesday Blitz"]
[Site "Chess.com"]
[Date "2020.04.07"]
[Round "5"]
[White "hongnhung1234"]
[Black "Tomytoteph"]
[Result "1-0"]
[WhiteElo "2175"]
[BlackElo "2317"]
[TimeControl "180+1"]
[EndTime "13:55:57 PDT"]
[Termination "hongnhung1234 won by checkmate"]

1. e4 c5 2. Nc3 e6 3. f4 d5 4. Bb5+ Bd7 5. Bxd7+ Qxd7 6. Nf3 Be7 7. O-O d4 8. Ne2 Nf6 9. d3 O-O 10. h3 Nc6 11.
Qe1 b5 12. Qg3 Nh5 13. Qg4 Nf6 14. Qg3 Nb4 15. f5 Nxc2 16. Bh6 g6 17. Ne5 Qc7 18.
Rac1 Ne3 19. Bxe3 dxe3 20. Nxg6 Bd6 21. e5 fxg6 22. exd6 Qg7 23. fxe6 Rfe8 24. Qxe3 Nd5 25. Qxc5 Nb6 26. Nf4 Qxb2 27. d7 Red8 28. Nd5 Qxa2 29.
Nxb6 axb6 30. Qe7 Qb2 31. Qf7+ Kh8 32. e7 Rxd7 33. e8=Q+ Rxe8 34. Qxe8+ Kg7 35. Qf8# 1-0

[Event "*** Titled Tuesday Blitz"]
[Site "Chess.com"]
[Date "2020.04.07"]
[Round "5"]
[White "1977Ivan"]
[Black "DanielRensch"]
[Result "0-1"]
[WhiteElo "2707"]
[BlackElo "2550"]
[TimeControl "180+1"]
[EndTime "13:55:58 PDT"]
[Termination "DanielRensch won on time"]

1. c4 e5 2. Nc3 Nc6 3. Nf3 Nf6 4. g3 Bc5 5. Nxe5 Bxf2+ 6. Kxf2 Nxe5 7. d4 Nxc4 8. e4 d5 9. Bg5 Nd6 10. Kg2 dxe4 11.
Be2 h6 12. Bf4 Nf5 13. d5 a6 14. Rf1 b5 15. Qd2 Qe7 16. Rad1 O-O 17. g4 Nh4+ 18.
Kg3 Ng6 19. d6 Qe6 20. dxc7 Nxg4 21. Qd6 Nxf4 22. Rxf4 Qxd6 23. Rxd6 Nf6 24. Rfxf6 gxf6 25. Nxe4 Be6 26. Nc5 Ra7 27. Nxe6 fxe6 28. Rxe6 Rxc7 29. Rxa6 Rc5 30. Bf3 Rd8 31. b4 Rc3 32. Rxf6 Rf8 33. Rxf8+ Kxf8 0-1

[Event "*** Titled Tuesday Blitz"]
[Site "Chess.com"]
[Date "2020.04.07"]
[Round "5"]
[White "tacticthunder"]
[Black "RestartingChess"]
[Result "1-0"]
[WhiteElo "2536"]
[BlackElo "2364"]
[TimeControl "180+1"]
[EndTime "13:55:58 PDT"]
[Termination "tacticthunder won by checkmate"]

1. e4 d5 2. exd5 Qxd5 3. Nc3 Qd6 4.
d4 Nc6 5. Be3 Nf6 6. Be2 Bf5 7.
Nf3 e6 8. O-O Be7 9. Nb5 Qd7 10.
c4 a6 11. Nc3 O-O 12. h3 Rad8 13. Qb3 Na5 14. Qa4 Qxa4 15. Nxa4 Nxc4 16. Bxc4 b5 17.
Bb3 bxa4 18. Bxa4 Nd5 19. Rac1 Bb4 20. a3 Nxe3 21. fxe3 Bd2 22. Nxd2 Rb8 23. b4 a5 24.
b5 Bd3 25. Rfd1 Bxb5 26. Bxb5 Rxb5 27. Rxc7 Rb2 28. Nc4 Rb3 29. Kf2 g6 30. Rc1 Kg7 31. Rc5 Ra8 32. Kf3 Kf6 33. Rc7 Rab8 34. Ne5 R8b7 35. Rxb7 Rxb7 36. Rc5 a4 37. Ra5 Rb1 38. Rxa4 Rf1+ 39. Ke2 Rg1 40. Kf2 Rc1 41. Ra7 Kf5 42.
Rxf7+ Ke4 43. Rf4+ Kd5 44. Nf3 Ra1 45. e4+ Kc4 46. Rf7 Rxa3 47. Rxh7 Kd3 48. e5 Ke4 49. Rf7 g5 50. Kg3 g4 51. hxg4 Ra2 52. g5 Ra8 53. Rf6 Kd5 54. Rf7 Rg8 55. Rd7+ Ke4 56. Rd6 Kf5 57. d5 exd5 58. Rf6+ Ke4 59. e6 d4 60. g6 d3 61. e7 Re8 62. g7 d2 63.
Nxd2+ Ke5 64. Rf8 Rxe7 65. g8=Q Rd7 66. Qg5+ Kd4 67. Rf4+ Kc3 68. Ne4+ Kd3 69. Rf3+ Kxe4 70. Re3+ Kd4 71. Qe5+ Kc4 72. Rc3+ Kb4 73. Qc5+ Ka4 74. Ra3# 1-0

[Event "*** Titled Tuesday Blitz"]
[Site "Chess.com"]
[Date "2020.04.07"]
[Round "5"]
[White "alexwinter25"]
[Black "Perecke"]
[Result "1-0"]
[WhiteElo "2333"]
[BlackElo "2151"]
[TimeControl "180+1"]
[EndTime "13:55:58 PDT"]
[Termination "alexwinter25 won on time"]

1. e4 c5 2. Nf3 e6 3. d4 cxd4 4. c3 dxc3 5. Nxc3 Nc6 6. Bf4 Bb4 7.
Rc1 Nf6 8. Bd3 O-O 9. O-O h6 10. Bg3 Bxc3 11. Rxc3 d5 12. e5 Nd7 13. Bb1 Qe7 14.
Re1 f5 15. Nh4 Qf7 16. f4 Nb6 17. Bf2 Bd7 18. Rg3 Ne7 19. Bd3 Rac8 20. Be2 Be8 21.
Qb3 Ba4 22. Qb4 Nc6 23. Qd2 Nc4 24. Bxc4 dxc4 25. Ng6 Rfd8 26. Qc3 Rd3 27. Rxd3 cxd3 28.
Nh4 Qd7 29. b3 Bb5 30. Qd2 Rd8 31. Rd1 Ne7 32. Bxa7 1-0

[Event "*** Titled Tuesday Blitz"]
[Site "Chess.com"]
[Date "2020.04.07"]
[Round "5"]
[White "HonzaVykouk"]
[Black "Zaven_ChessMood"]
[Result "0-1"]
[WhiteElo "2632"]
[BlackElo "2875"]
[TimeControl "180+1"]
[EndTime "13:55:59 PDT"]
[Termination "Zaven_ChessMood won by resignation"]

1. e4 c5 2. Nf3 d6 3. d4 cxd4 4.
Nxd4 Nf6 5. Nc3 a6 6. Bg5 e6 7. f4 Nbd7 8. Qe2 Qc7 9. O-O-O Be7 10. g4 b5 11. Bg2 Bb7 12. Rhe1 b4 13. Nd5 exd5 14.
Nf5 dxe4 15. Nxg7+ Kd8 16. Nf5 Re8 17. Nh6 Kc8 18. Nxf7 d5 19. Kb1 Nc5 20. Ne5 Nfd7 21. Nxd7 Nxd7 22. Bxe7 Rxe7 23. Qe3 Qc5 24. Qg3 Bc6 25.
f5 Kb7 26. g5 Rf7 27. f6 Rg8 28. Qf4 h6 29. h4 hxg5 30. hxg5 Nxf6 31. Bf1 Rgf8 32. gxf6 Rxf6 33. Qe5 Rf5 34. Qg7+ R8f7 35. Qh8 Rf2 36. Be2 Bb5 37. Qh5 Rc7 38. Rc1 e3 39.
Bxb5 axb5 40. Qf5 Rxf5 0-1

[Event "*** Titled Tuesday Blitz"]
[Site "Chess.com"]
[Date "2020.04.07"]
[Round "5"]
[White "ValentinDragnev"]
[Black "Atanejhad"]
[Result "1-0"]
[WhiteElo "2728"]
[BlackElo "2526"]
[TimeControl "180+1"]
[EndTime "13:55:59 PDT"]
[Termination "ValentinDragnev won on time"]

1. e4 e5 2. Nf3 Nc6 3. Nc3 Nf6 4. d4 exd4 5. Nxd4 Bb4 6. Nxc6 bxc6 7. Bd3 d5 8. exd5 cxd5 9. O-O O-O 10. h3 c6 11.
Qf3 Rb8 12. Bf4 Bd6 13. b3 Rb4 14. Ne2 Re8 15. Rad1 Bxf4 16. Nxf4 Qc7 17. Nh5 Nxh5 18. Qxh5 g6 19. Qf3 Qf4 20. Qxf4 Rxf4 21. Rfe1 Be6 22.
c3 Kf8 23. Ba6 Rf6 24. Rd4 Bd7 25. Rxe8+ Bxe8 26. Bd3 Re6 27. Kf1 Re7 28. c4 Rd7 29. cxd5 cxd5 30. Be2 Ke7 31. Bf3 Ke6 32. Ke2 Rd6 33.
Kd2 Bb5 34. Rb4 a6 35. h4 f5 36. a4 Bd7 37. Rb7 Ke5 38. g3 h6 39. Be2 g5 40.
hxg5 hxg5 41. Bxa6 Rxa6 42. Rxd7 1-0

[Event "*** Titled Tuesday Blitz"]
[Site "Chess.com"]
[Date "2020.04.07"]
[Round "5"]
[White "jacky72"]
[Black "Maili15"]
[Result "1-0"]
[WhiteElo "2703"]
[BlackElo "2288"]
[TimeControl "180+1"]
[EndTime "13:55:59 PDT"]
[Termination "jacky72 won on time"]

1. d4 d5 2. c4 e6 3. Nc3 Nf6 4. cxd5 exd5 5. Bg5 Be7 6. Qc2 c6 7. e3 Nbd7 8. Bd3 O-O 9. Nf3 Re8 10. h3 Nf8 11. O-O Ne4 12. Bf4 f5 13. Ne5 Ng6 14. Nxg6 hxg6 15. f3 Nd6 16. Rad1 Bf6 17. Rfe1 b6 18. Qf2 g5 19. Bh2 b5 20. a3 Nc4 21.
Bxc4 bxc4 22. e4 dxe4 23. fxe4 f4 24. e5 Be7 25. d5 cxd5 26. Nxd5 Qa5 27. Kh1 Bb7 28.
Nxe7+ Rxe7 29. Bg1 Rxe5 30. Rxe5 Qxe5 31. Qc2 Bd5 32.
Qd2 Rd8 33. Bd4 Qf5 34. Bc3 Qxh3+ 35. Kg1 Qf5 36. Qd4 Rd7 37. Re1 Be6 38. Qf2 g4 39. Qe2 Kf7 40. Rf1 Rd3 41. Qf2 g5 42. Qxa7+ Rd7 43.
Qb6 f3 44. Qe3 Rd3 45. Qa7+ Bd7 46. Qa6 Qe6 47. Qxe6+ Kxe6 48. Re1+ Kd6 49. Kf2 Bc6 50. g3 Kc5 51. Re5+ 1-0

[Event "*** Titled Tuesday Blitz"]
[Site "Chess.com"]
[Date "2020.04.07"]
[Round "5"]
[White "AyMitecK"]
[Black "omidnoroozi21"]
[Result "1-0"]
[WhiteElo "2295"]
[BlackElo "2552"]
[TimeControl "180+1"]
[EndTime "13:56:01 PDT"]
[Termination "AyMitecK won by resignation"]

1. e4 e5 2. Nf3 Nc6 3. d4 exd4 4. Nxd4 Bc5 5. Nb3 Bb6 6. Nc3 Nge7 7. Qe2 O-O 8. Be3 d6 9. O-O-O Be6 10. f4 Qd7 11. f5 Bxb3 12. axb3 Ne5 13. Rg1 Rae8 14. Bxb6 axb6 15. g4 Ra8 16. Kb1 Ra7 17. Rg3 Rfa8 18. Kc1 Ra1+ 19. Nb1 N7c6 20. g5 Nb4 21. f6 g6 22. h4 Qc6 23. Rc3 Qd7 24. Bh3 Qd8 25. h5 Na2+ 26. Kd2 Nxc3 27. Nxc3 Rxd1+ 28. Qxd1 c6 29. Ke3 Qc7 30. hxg6 fxg6 31. Be6+ Kf8 32. Qh1 Re8 33.
Qh6+ 1-0

[Event "*** Titled Tuesday Blitz"]
[Site "Chess.com"]
[Date "2020.04.07"]
[Round "5"]
[White "Grandmasta23"]
[Black "piscatorox"]
[Result "0-1"]
[WhiteElo "2345"]
[BlackElo "2254"]
[TimeControl "180+1"]
[EndTime "13:56:01 PDT"]
[Termination "piscatorox won on time"]

1. e4 d5 2. exd5 Nf6 3. Nf3 Bg4 4. d4 Qxd5 5. Be2 Nc6 6. c4 Qf5 7. Be3 O-O-O 8. Nbd2 e5 9. d5 Bxf3 10. Nxf3 e4 11. Nd4 Bb4+ 12. Kf1 Nxd4 13. Qxd4 Ng4 14. Qxa7 Nxe3+ 15. Qxe3 b6 16. a3 Bc5 17. Qg3 h5 18. b4 Bd4 19. Rd1 Be5 20. Qb3 h4 21. c5 Bg3 22. Ba6+ Kb8 23. Qe3 Bf4 24. Qe2 e3 25. f3 Rxd5 26. cxb6 cxb6 27. Rxd5 Qxd5 28. Bd3 Rd8 0-1

[Event "*** Titled Tuesday Blitz"]
[Site "Chess.com"]
[Date "2020.04.07"]
[Round "5"]
[White "LimeInTheCoconut"]
[Black "Federtiu"]
[Result "0-1"]
[WhiteElo "2504"]
[BlackElo "2690"]
[TimeControl "180+1"]
[EndTime "13:56:03 PDT"]
[Termination "Federtiu won by resignation"]

1. Nf3 Nf6 2. d4 d5 3. c4 e6 4.
Nc3 c6 5. Bg5 dxc4 6. e4 b5 7.
e5 h6 8. Bh4 g5 9. Nxg5 hxg5 10.
Bxg5 Be7 11. exf6 Bxf6 12. Bxf6 Qxf6 13. g3 Bb7 14. Bg2 Na6 15. O-O O-O-O 16. a4 Rxd4 17. Qc1 Nc5 18. axb5 cxb5 19. Bxb7+ Kxb7 20. Nxb5 Rdh4 21. Rxa7+ Kc6 22. Qe3 Kxb5 23. Ra5+ Kb4 24. Qxc5+ Kb3 25. Qa3+ Kc2 26. Qc3+ Qxc3 27. bxc3 Rxh2 28. Ra2+ Kb3 29. Raa1 Rh1+ 30. Kg2 Rxf1 31. Rxf1 Kxc3 32. Kf3 Kb2 33.
Re1 c3 34. Rh1 Rxh1 0-1

[Event "*** Titled Tuesday Blitz"]
[Site "Chess.com"]
[Date "2020.04.07"]
[Round "5"]
[White "Mops_2004"]
[Black "VitaliyBernadskiy"]
[Result "1-0"]
[WhiteElo "2554"]
[BlackElo "2721"]
[TimeControl "180+1"]
[EndTime "13:56:04 PDT"]
[Termination "Mops_2004 won by resignation"]

1. Nf3 Nf6 2. g3 b6 3. Bg2 Bb7 4. O-O g6 5. b3 Bg7 6. Bb2 O-O 7. c4 e6 8. e3 a5 9. Nc3 Na6 10. d4 Ne4 11. Rc1 d6 12. Qe2 Qe7 13. Rfd1 f5 14. Nd2 Nxc3 15. Bxc3 Bxg2 16. Kxg2 e5 17. dxe5 dxe5 18.
e4 Nc5 19. Bb2 Ne6 20. Nf3 fxe4 21. Qxe4 Qf7 22. Rc2 Nc5 23. Qd5 Qxd5 24. Rxd5 e4 25. Ne1 Bh6 26. Ba3 Rf5 27. Bxc5 bxc5 28. Re2 Raf8 29.
Rxf5 gxf5 30. f3 Re8 31. fxe4 fxe4 32. Nd3 Bf8 33. Nf2 e3 34. Ng4 h5 35. Nf6+ 1-0

[Event "*** Titled Tuesday Blitz"]
[Site "Chess.com"]
[Date "2020.04.07"]
[Round "5"]
[White "maciek_92"]
[Black "OparinGrigoriy"]
[Result "1/2-1/2"]
[WhiteElo "2726"]
[BlackElo "2974"]
[TimeControl "180+1"]
[EndTime "13:56:05 PDT"]
[Termination "Game drawn by agreement"]

1. c4 e6 2. g3 d5 3. Nf3 dxc4 4. Qa4+ Bd7 5. Qxc4 c5 6. Bg2 Nc6 7. O-O Nf6 8. d3 Be7 9. e4 O-O 10. h3 b5 11. Qc2 Rc8 12. Rd1 Qb6 13. Be3 Rfd8 14.
a4 a6 15. axb5 axb5 16. Qe2 Qb7 17. Nbd2 Nb4 18. Nb3 c4 19. dxc4 bxc4 20. Na5 Qb5 21. Nd4 Qb8 22. Nxc4 e5 23. Nf5 Bxf5 24. exf5 Nfd5 25.
Rac1 h6 26. b3 Nxe3 27. Nxe3 Rxd1+ 28. Rxd1 Bc5 29. Nd5 Nxd5 30. Bxd5 Qb6 31. Bc4 Bd4 32. Rd2 Ra8 33. Ra2 Rxa2 34. Qxa2 Qf6 35. Qa8+ Kh7 36.
Qe4 Qg5 37. Kg2 Qd2 38. Qe2 Qxe2 39. Bxe2 g6 40. f4 exf4 41. gxf4 gxf5 42. Bc4 Bc3 43. Kf3 Kg6 44. Ke3 Bb4 45. Be2 Kf6 46. Kf3 Bd2 47. Bc4 1/2-1/2